 Dungeon Crawl Stone Soup version 0.21-a0-460-g737a915 (webtiles) character file.

29 4thArraOfDagon the Firebug (level 3, -1/19 HPs)
             Began as a Tengu Fire Elementalist on Nov 20, 2017.
             Slain by a hound (4 damage)
             ... on level 4 of the Dungeon.
             The game lasted 00:03:11 (468 turns).

4thArraOfDagon the Firebug (Tengu Fire Elementalist) Turns: 468, Time: 00:03:12

Health: -1/19      AC:  5    Str:  8    XL:     3   Next: 16%
Magic:  6/7        EV: 10    Int: 16    God:
Gold:   46         SH:  0    Dex: 14    Spells: 2/6 levels left

rFire    + . .     SeeInvis .   j - +0 short sword
rCold    . . .     Gourm    .   (no shield)
rNeg     . . .     Faith    .   d - +0 ring mail
rPois    .         Spirit   .   (helmet restricted)
rElec    .         Reflect  .   (no cloak)
rCorr    .         Harm     .   (no gloves)
MR       .....                  (boots unavailable)
Stlth    +.........             (no amulet)
HPRegen  0.06/turn              i - ring of protection from fire
MPRegen  0.10/turn              (no ring)

@: no status effects
A: beak, talons 3
a: no special abilities


You were on level 4 of the Dungeon.
You were not hungry.

You visited 1 branch of the dungeon, and saw 4 of its levels.

You collected 46 gold pieces.

Inventory:

Hand Weapons
 j - a +0 short sword (weapon)
Armour
 a - a +0 robe
 d - a +0 ring mail (worn)
Jewellery
 i - a ring of protection from fire (left hand)
Scrolls
 h - a scroll of random uselessness
Books
 b - a book of Flames

   Spells                             Type                      Level
   a - Flame Tongue                   Conjuration/Fire             1
   b - Throw Flame                    Conjuration/Fire             2
   c - Conjure Flame                  Conjuration/Fire             3
   d - Inner Flame                    Hexes/Fire                   3
   e - Sticky Flame                   Conjuration/Fire             4
   f - Fireball                       Conjuration/Fire             5
Comestibles
 c - 2 bread rations
 f - 3 meat rations


   Skills:
 - Level 2.1 Dodging
 - Level 2.0 Stealth
 + Level 2.2 Spellcasting
 * Level 2.7 Conjurations
 * Level 3.9 Fire Magic


You had 2 spell levels left.
You knew the following spells:

 Your Spells              Type           Power        Failure   Level  Hunger
a - Flame Tongue          Conj/Fire      ##...        16%         1    #......
b - Conjure Flame         Conj/Fire      ##......     43%         3    ###....


Dungeon Overview and Level Annotations

Branches:
Dungeon (4/15)
 Temple: D:4-7

Altars:


Innate Abilities, Weirdness & Mutations

You have a beak for a mouth.
You have claws for feet.


Message History

The kobold shouts!
A kobold comes into view. It is wielding a whip.
Unknown command.
The kobold shouts!
There is an escape hatch in the floor here.
You slide downwards.
The hatch slams shut behind you.
Found a club.
Unknown command.
Okay, then.
A hound comes into view.
The hound bites you.
* * * LOW HITPOINT WARNING * * *
Unknown command.
Casting: Flame Tongue
Confirm with . or Enter, or press ? or * to list all spells.
Aiming: Flame Tongue
Press: ? - help, Shift-Dir - straight line, f - hound
Aim: a hound The flame tongue misses the hound.
The hound bites you.
You die...

.. .# .# .# #
.###.##
.......
######h......
#....@#
#.###.####...
#..)...#
#.####.# ..#
.### #. #


You could see a hound.

Vanquished Creatures
  An adder (D:3)
  A leopard gecko (D:3)
  4 bats
  A giant cockroach (D:1)
  2 goblins (D:2)
  3 hobgoblins
  A jackal (D:3)
  2 kobolds (D:1)
  3 rats
18 creatures vanquished.

Vanquished Creatures (others)
  2 minotaurs (D:1)
  2 draconians (D:1)
  A gargoyle (D:1)
  2 vine stalkers (D:1)
  A formicid (D:1)
  A spriggan (D:1)
  A mummy (D:1)
  An orc (D:1)
  A kobold (D:1)
  8 tentacles (D:1)
20 creatures vanquished.

Grand Total: 38 creatures vanquished

Notes
Turn   | Place    | Note
-------+----------+-------------------------------------------
     0 | D:1      | 4thArraOfDagon the Tengu Fire Elementalist began the quest for the Orb.
     0 | D:1      | Reached XP level 1. HP: 10/10 MP: 4/4
     0 | D:1      | Noticed a minotaur
     0 | D:1      | Noticed a draconian
     0 | D:1      | Noticed a spriggan
     0 | D:1      | Noticed a vine stalker
     0 | D:1      | Noticed a minotaur
     0 | D:1      | Noticed a formicid
     0 | D:1      | Noticed a draconian
     0 | D:1      | Noticed a kraken
     0 | D:1      | Noticed a gargoyle
     0 | D:1      | Noticed a vine stalker
     3 | D:1      | Killed a vine stalker
     5 | D:1      | Killed a gargoyle
     7 | D:1      | Killed a formicid
     8 | D:1      | Killed a vine stalker
    14 | D:1      | Killed a minotaur
    20 | D:1      | Killed a draconian
    21 | D:1      | Killed a spriggan
    32 | D:1      | Killed a draconian
    35 | D:1      | Killed a minotaur
   220 | D:1      | Reached XP level 2. HP: 11/15 MP: 0/6
   356 | D:3      | Reached XP level 3. HP: 1/19 MP: 0/7
   361 | D:3      | Learned a level 3 spell: Conjure Flame
   361 | D:3      | wow
   468 | D:4      | Slain by a hound

Vault maps used:
D:1:      nicolae_arrival_kraken_aquarium_a
D:2:      kennysheep_nub
D:3:      serial_curves, eino_curves_02, eino_curves_03, first_bread
D:4:      nicolae_overflow_hidden_temple, uniq_crazy_yiuf_cottage

Skill      XL: |  1 |
---------------+----+-----
Conjurations   | 2 |  2.7
Dodging        | |  2.1
Stealth        | |  2.0
Spellcasting   | |  2.2
Fire Magic     | |  3.9

Action                   || total
-------------------------++-------
Melee: Unarmed           ||     9
       Kick              ||     4
       Short sword       ||     8
 Cast: Flame Tongue      ||    26
  Use: Scroll            ||     2
       Potion            ||     1
Armor: Ring mail         ||    47
       Robe              ||     2
Dodge: Dodged            ||    75

Table legend:
 A = Spawn XP
 B = Non-spawn XP
 C = Spawn XP percentage of total XP
 D = Spawn monster count
 E = Non-spawn monster count
 F = Spawn count percentage of total count
 G = Total turns spent on level
                    A         B        C        D         E        F      G
               +---------+---------+-------+---------+---------+-------+---------
         Total |       0 |      42 |   0.0 |       0 |      18 |   0.0 |   468
               +---------+---------+-------+---------+---------+-------+---------
           D:1 |       0 |      13 |   0.0 |       0 |       8 |   0.0 |   241
           D:2 |       0 |      10 |   0.0 |       0 |       6 |   0.0 |    96
           D:3 |       0 |      19 |   0.0 |       0 |       4 |   0.0 |   128
               +---------+---------+-------+---------+---------+-------+---------
